 Dungeon Sprint DCSS version 0.16-a0-66-gff12a3a (webtiles) character file.

8399 BluebellGnoll the Bludgeoner (level 11, 172/172 HPs)
             Began as a Troll Hunter on Aug 7, 2014.
             Was an Initiate of Gozag.
             Quit the game in the Dungeon (Sprint IX: "|||||||||||||||||||||||||||||").
             The game lasted 00:17:43 (2330 turns).

BluebellGnoll the Bludgeoner (Troll Hunter)         Turns: 2330, Time: 00:17:43

HP 172/172       AC 27     Str 25      XL: 11   Next:  9%
MP   4/4         EV  1     Int  7      God: Gozag
Gold 317         SH  0     Dex 15      Spells:  0 memorised, 10 levels left

rFire  . . .     SeeInvis .     p - +2 morningstar (crush)
rCold  . . .     Clarity  .     d - melded +0 animal skin
rNeg   + + +     rCorr    .     (shield restricted)
rPois  +         rRot     .     (helmet restricted)
rElec  .         Spirit   .     y - melded +0 cloak
SustAb .         Warding  .     (gloves unavailable)
rMut   .         NoTele   +     (boots unavailable)
Gourm  +                        (no amulet)
MR     .....                    r - +2 ring of evasion
                                q - +2 ring of protection

@: agile, tree-form, very slightly contaminated, invisible, not resistant to
hostile enchantments, fairly stealthy
A: unfitting armour, (claws 0), fast metabolism 3, gourmand, regeneration 2,
saprovore 2, (shaggy fur 0), (tough skin 0)
a: Potion Petition, Call Merchant, Bribe Branch, Renounce Religion


You were in the Dungeon.
You worshipped Gozag.
Gozag was noncommittal.
You were full.
You were an animated tree.
You visited 1 branch You collected 1250 gold pieces.
You paid 933 gold pieces to Gozag.

Inventory:

Hand weapons
 g - a +0 club
 p - a +2 morningstar of crushing (weapon)
 u - a +4 blowgun
 z - a +0 mace of protection
Missiles
 b - 3 large rocks (quivered)
 k - 39 stones
Armour
 d - a +0 animal skin (melded)
 y - a +0 cloak (melded)
Magical devices
 o - a wand of draining (5)
Comestibles
 a - 14 meat rations
 l - 40 fruits
 t - 12 bread rations
Scrolls
 j - 3 scrolls of blinking
 m - 3 scrolls of remove curse
 n - 2 scrolls of amnesia
 v - a scroll of fog
 w - 2 scrolls of identify
 x - 4 scrolls of enchant armour
Jewellery
 q - a +2 ring of protection (left branch)
 r - a +2 ring of evasion (right branch)
Potions
 e - 5 potions of curing
 f - 5 potions of heal wounds
 h - 4 potions of magic
 i - 4 potions of berserk rage
 s - a potion of brilliance


   Skills:
 - Level 9.5 Fighting
 - Level 16.0 Maces & Flails
 - Level 4.7 Throwing
 + Level 13.7 Dodging
 - Level 0.4 Stealth
 - Level 1.0 Unarmed Combat


You had 10 spell levels left.
You didn't know any spells.

Dungeon Overview and Level Annotations

Branches:
Dungeon (1/1)

Altars:
Cheibriados
Dithmenos
Elyvilon
Fedhas
Gozag
Kikubaaqudgha
Makhleb
Nemelex Xobeh
Okawaru
Qazlal
Sif Muna
Trog
Vehumet
Xom
Yredelemnul
Zin
The Shining One
Beogh
Jiyva
Lugonu

Shops:
D [


Innate Abilities, Weirdness & Mutations

You are too large for most types of armour.
((You have claws for hands.))
Your metabolism is lightning-fast.
You like to eat raw meat.
You heal very quickly.
You can eat rotten meat.
((You are covered in fur (AC +1).))
((You have very tough skin (AC +2).))


Message History

[d] - 100 gold - porridge Purchase which effect? [a] - 80 gold - heal wounds and poison [b] - 200 gold - heal wounds, curing and berserk rage [c] - 200 gold - invisibility, agility and lignification [d] - 100 gold - porridge Purchase which effect?
You fade into invisibility!
You feel agile all of a sudden.
You turn into an animated tree.
Your +0 cloak melds into your body.
Your +0 animal skin melds into your body.
Your roots penetrate the ground.
You are very lightly contaminated with residual magic.
Unknown command.
Unknown command.
You open the door. 5 orc warriors and an orc knight come into view.
Found 300 gold pieces.
Found Strakich's Armour Boutique.
You cannot move.
You cannot move.
Are you sure you want to abandon this character and quit the game? (Confirm with "yes".)

.....)'..[[[)|..'________________
▓▓▓▓▓▓▓▓▓▓▓▓▓▓▓▓▓▓▓▓▓▓▓▓▓▓▓▓▓▓▓▓▓
.................................
▓▓▓▓▓▓▓▓▓▓▓▓▓▓▓▓▓▓▓▓▓▓▓▓▓▓▓▓▓▓▓▓▓
.'............'.........'........
▓▓▓▓▓▓▓▓▓▓▓▓▓▓▓▓▓▓▓▓▓▓▓▓▓▓▓▓▓▓▓▓▓
................[................
▓▓▓▓▓▓▓▓▓▓▓▓▓▓▓▓▓▓▓▓▓▓▓▓▓▓▓▓▓▓▓▓▓
$$$∩$∩$∩o∩ooooo'♣..........['[..)
** **** ▓▓▓▓▓▓▓▓▓▓▓▓▓▓▓▓▓▓▓▓▓▓▓▓▓
,,,,,,,,,, ,,,,, ,,,,,,,,,,,,,,,
***************** ******* *******
,,,,,,,,,,,,,+,,,,,,,,,, ,,,,,,,,
*********************** *********
,,,,,,,, ,,,,,,,,,,,,,,,,,,, ,,,,
*************** ************ ****
+,, ,, ,,,+, ,,,,,,,+,,,,,,, ,+,,


You could see an orc knight (sleeping) and 5 orc warriors.

Vanquished Creatures
  An orc high priest (D)
  A death yak (D)
  An unseen horror (D)
  A hill giant (D)
  An orc knight (D)
  An orc sorcerer (D)
  2 griffons (D)
  A spiny frog (D)
  A komodo dragon (D)
  A fire drake (D)
  5 polar bears (D)
  A troll (D)
  A wyvern (D)
  A hippogriff (D)
  5 water moccasins (D)
  An ogre (D)
  3 black bears (D)
  8 orc warriors (D)
  3 crocodiles (D)
  A hound (D)
  3 orc priests (D)
  A worker ant (D)
  2 orc wizards (D)
  3 green rats (D)
  An adder (D)
  9 orcs (D)
  A giant cockroach (D)
  A hobgoblin (D)
  2 giant newts (D)
  4 goblins (D)
  A goblin skeleton (D)
  2 kobolds (D)
  2 rats (D)
72 creatures vanquished.

Vanquished Creatures (others)
  An adder (D)
1 creature vanquished.

Grand Total: 73 creatures vanquished

Notes
Turn   | Place    | Note
--------------------------------------------------------------
     0 | D        | BluebellGnoll, the Troll Hunter, began the quest for the Orb.
     0 | D        | Reached XP level 1. HP: 19/19 MP: 1/1
    23 | D        | Reached skill level 4 in Throwing
    73 | D        | Noticed a worker ant
    92 | D        | Killed a worker ant
    92 | D        | Reached XP level 2. HP: 11/33 MP: 1/1
    92 | D        | Reached XP level 3. HP: 13/40 MP: 2/2
   133 | D        | Found a glowing silver altar of Zin.
   133 | D        | Found a glowing golden altar of the Shining One.
   133 | D        | Found an ancient bone altar of Kikubaaqudgha.
   133 | D        | Found a basalt altar of Yredelemnul.
   133 | D        | Found a shimmering altar of Xom.
   133 | D        | Found a radiant altar of Vehumet.
   133 | D        | Found an iron altar of Okawaru.
   134 | D        | Found a burning altar of Makhleb.
   135 | D        | Found a deep blue altar of Sif Muna.
   136 | D        | Found a bloodstained altar of Trog.
   137 | D        | Found a sparkling altar of Nemelex Xobeh.
   138 | D        | Found a white marble altar of Elyvilon.
   139 | D        | Found a roughly hewn altar of Beogh.
   140 | D        | Found a viscous altar of Jiyva.
   141 | D        | Found a corrupted altar of Lugonu.
   142 | D        | Found a blossoming altar of Fedhas.
   143 | D        | Found a snail-covered altar of Cheibriados.
   144 | D        | Found a shadowy altar of Dithmenos.
   145 | D        | Found a stormy altar of Qazlal.
   146 | D        | Found an opulent altar of Gozag.
   185 | D        | Noticed a crocodile
   185 | D        | Noticed a hippogriff
   190 | D        | Killed a hippogriff
   190 | D        | Reached skill level 7 in Maces & Flails
   190 | D        | Reached XP level 4. HP: 36/49 MP: 2/2
   190 | D        | Reached XP level 5. HP: 40/55 MP: 2/2
   204 | D        | Killed a crocodile
   204 | D        | Reached skill level 9 in Maces & Flails
   250 | D        | Noticed a wyvern
   250 | D        | Noticed a hill giant
   250 | D        | Noticed a troll
   250 | D        | Noticed an ogre
   253 | D        | Killed an ogre
   253 | D        | Reached skill level 10 in Maces & Flails
   253 | D        | Reached XP level 6. HP: 63/63 MP: 3/3
   262 | D        | Killed a troll
   262 | D        | Reached skill level 12 in Maces & Flails
   268 | D        | Killed a hill giant
   268 | D        | Reached skill level 14 in Maces & Flails
   268 | D        | Reached XP level 7. HP: 57/71 MP: 3/3
   268 | D        | Reached XP level 8. HP: 63/79 MP: 3/3
   274 | D        | Killed an unseen horror
   274 | D        | Reached skill level 15 in Maces & Flails
   277 | D        | Killed a wyvern
   277 | D        | Reached skill level 16 in Maces & Flails
   606 | D        | Noticed a spiny frog
   606 | D        | Noticed a water moccasin
   606 | D        | Noticed a water moccasin
   606 | D        | Noticed a water moccasin
   606 | D        | Noticed a komodo dragon
   608 | D        | Killed a water moccasin
   608 | D        | Reached skill level 5 in Fighting
   609 | D        | Killed a water moccasin
   610 | D        | Noticed a water moccasin
   610 | D        | Killed a spiny frog
   610 | D        | Reached XP level 9. HP: 75/93 MP: 4/4
   613 | D        | Killed a komodo dragon
   615 | D        | Killed a water moccasin
   622 | D        | Killed a water moccasin
   689 | D        | Noticed a fire drake
   689 | D        | Noticed a death yak
   689 | D        | Noticed a crocodile
   689 | D        | Noticed a water moccasin
   689 | D        | Noticed a griffon
   689 | D        | Noticed a hound
   689 | D        | Noticed a crocodile
   693 | D        | Killed a crocodile
   694 | D        | Noticed a griffon
   695 | D        | Killed a hound
   702 | D        | Killed a griffon
   702 | D        | Reached skill level 5 in Dodging
   710 | D        | Killed a water moccasin
   738 | D        | Killed a crocodile
   869 | D        | Killed a death yak
   869 | D        | Reached XP level 10. HP: 107/107 MP: 4/4
   872 | D        | Killed a fire drake
   901 | D        | Killed a griffon
  1027 | D        | Noticed a polar bear
  1027 | D        | Noticed a polar bear
  1027 | D        | Noticed a polar bear
  1027 | D        | Noticed a black bear
  1027 | D        | Noticed a polar bear
  1027 | D        | Noticed a black bear
  1027 | D        | Noticed a polar bear
  1028 | D        | Noticed a black bear
  1037 | D        | Killed a black bear
  1040 | D        | Killed a polar bear
  1044 | D        | Killed a polar bear
  1044 | D        | Reached skill level 10 in Dodging
  1049 | D        | Killed a polar bear
  1061 | D        | Killed a polar bear
  1069 | D        | Killed a black bear
  1072 | D        | Killed a polar bear
  1078 | D        | Killed a black bear
  1225 | D        | Noticed an orc wizard
  1231 | D        | Noticed an orc priest
  1232 | D        | Noticed an orc priest
  1233 | D        | Killed an orc wizard
  1237 | D        | Noticed an orc wizard
  1239 | D        | Noticed an orc warrior
  1247 | D        | Killed an orc priest
  1251 | D        | Killed an orc priest
  1257 | D        | Killed an orc warrior
  1263 | D        | Killed an orc wizard
  1352 | D        | Noticed an orc warrior
  1352 | D        | Noticed an orc warrior
  1352 | D        | Noticed an orc warrior
  1352 | D        | Noticed an orc sorcerer
  1352 | D        | Noticed an orc warrior
  1352 | D        | Noticed an orc warrior
  1356 | D        | Noticed an orc warrior
  1360 | D        | Killed an orc warrior
  1361 | D        | Noticed an orc knight
  1361 | D        | Paralysed by an orc sorcerer for 6 turns
  1371 | D        | Killed an orc sorcerer
  1425 | D        | Killed an orc warrior
  1428 | D        | Killed an orc warrior
  1457 | D        | Killed an orc warrior
  1465 | D        | Killed an orc warrior
  1586 | D        | Killed an orc warrior
  1652 | D        | Killed an orc knight
  1703 | D        | Noticed an orc priest
  1706 | D        | Killed an orc priest
  1706 | D        | Reached XP level 11. HP: 81/115 MP: 4/4
  1709 | D        | Noticed an orc warrior
  1714 | D        | Killed an orc warrior
  1739 | D        | Noticed an orc high priest
  1742 | D        | Killed an orc high priest
  2052 | D        | Became a worshipper of Gozag Ym Sagoz the Greedy
  2329 | D        | Found Strakich's Armour Boutique.
  2329 | D        | Noticed an orc warrior
  2329 | D        | Noticed an orc warrior
  2329 | D        | Noticed an orc warrior
  2329 | D        | Noticed an orc warrior
  2329 | D        | Noticed an orc knight
  2329 | D        | Noticed an orc warrior
  2330 | D        | Quit the game

Action                   |  1- 3 |  4- 6 |  7- 9 | 10-12 || total
-------------------------+-------+-------+-------+-------++-------
Melee: Unarmed           |    28 |       |       |       ||    28
       Club              |     7 |       |       |       ||     7
       Morningstar       |       |    32 |    35 |   131 ||   198
Throw: Large rock        |     9 |       |     8 |    12 ||    29
       Throwing net      |       |       |     1 |     1 ||     2
       Stone             |       |       |       |     2 ||     2
Invok: Potion Petition   |       |       |       |     1 ||     1
Evoke: Wand              |       |       |     7 |       ||     7
  Use: Potion            |     1 |     1 |       |     1 ||     3
       Scroll            |       |       |       |     2 ||     2
 Stab: Held in net/web   |       |       |     1 |       ||     1
       Invisible         |       |       |       |    10 ||    10
       Sleeping          |       |       |       |     1 ||     1
  Eat: Chunk             |     5 |     3 |     3 |    14 ||    25
